 Dungeon Crawl Stone Soup version 0.27-a0-1149-g4505690ab0 (webtiles) character file.

Game seed: 1713946716911414630

248 Sobieck the Cleaver (level 6, -4/52 HPs)
             Began as a Hill Orc Monk on May 12, 2021.
             Was a Believer of Okawaru.
             Slain by an ogre
             ... wielding a +0 giant club
              (16 damage)
             ... on level 4 of the Dungeon.
             The game lasted 00:08:45 (4335 turns).

Sobieck the Cleaver (Hill Orc Monk)                 Turns: 4335, Time: 00:08:45

Health: -4/52      AC:  7    Str: 16    XL:     6   Next: 12%
Magic:  4/6        EV: 13    Int: 10    God:    Okawaru [**....]
Gold:   146        SH:  0    Dex: 13    Spells: 5/5 levels left

rFire    . . .     SeeInvis .   a - +0 hand axe {axe}
rCold    . . .     Faith    .   (no shield)
rNeg     . . .     Spirit   .   f - +0 ring mail
rPois    .         Reflect  .   (no helmet)
rElec    .         Harm     .   (no cloak)
rCorr    .         Rampage  .   p - +0 pair of gloves
Will     .....                  (no boots)
Stlth    +++.......             (no amulet)
HPRegen  0.17/turn              (no ring)
MPRegen  0.10/turn              (no ring)

@: heroic
A: no striking features
a: Renounce Religion, Heroism


You were on level 4 of the Dungeon.
You worshipped Okawaru.
Okawaru was pleased with you.
You visited 2 branches of the dungeon, and saw 6 of its levels.

You collected 146 gold pieces.


   Skills:
 - Level 4.0(9.0) Fighting
 + Level 8.6(13.6) Axes
 - Level 2.4(7.4) Dodging
 - Level 1.5(6.5) Stealth


You had 5 spell levels left.
You didn't know any spells.
Your spell library was empty.

Inventory:

Hand Weapons
 a - a +0 hand axe (weapon) {axe}
 b - a +0 hand crossbow {crossbow}
   (You took it off a kobold on level 4 of the Dungeon)
 d - a +0 short sword of protection {short}
   (You took it off a kobold on level 4 of the Dungeon)
 l - a +0 whip {mace}
   (You took it off a kobold on level 3 of the Dungeon)
 o - a +0 hunting sling {sling}
   (You found it on level 1 of the Dungeon)
Missiles
 k - 60 stones (quivered) {throwing}
 m - 35 bolts
 n - 62 arrows
Armour
 e - a +0 robe
 f - a +0 ring mail (worn)
   (You found it on level 2 of the Dungeon)
 g - a +0 robe of willpower
   (You took it off Jessica on level 2 of the Dungeon)
 i - a +0 leather armour of cold resistance
   (You found it on level 1 of the Dungeon)
 p - a +0 pair of gloves (worn)
   (You found it on level 3 of the Dungeon)
Scrolls
 j - a scroll of brand weapon {unknown}
Potions
 c - 3 potions of curing {@q1}
 h - a potion of attraction {!q}
 r - a potion of lignification {!q}

Dungeon Overview and Level Annotations

Branches:
Dungeon (5/15)             Temple (1/1) D:4

Altars:
Gozag
Hepliaklqana
Nemelex Xobeh
Okawaru
Ru
Vehumet

Annotations:
D:2 1 runed translucent door, Crazy Yiuf

#. .. .. ##.# . ... . #.
#.# #..#.###### #.#####
#.SO@...### #......
#.(#......# #.#.#..
...#..#†##.#.#####...#.>
..
...(.....#.#.......#####
.. .
..(#.###.#.#######...#..
.# # ...#(. #.###.#.#
#†#.#.. ...#..h..#
#.....†.# #...... .#...
... #####.### ##.####
... ..# . #...# #.#


You could see an ogre and a ball python.


Message History

You slash the jelly!
You kill the jelly!
Okawaru accepts your kill.
You have reached level 6!
Your experience leads to an increase in your attributes!
Increase (S)trength, (I)ntelligence, or (D)exterity?
You feel stronger. 😕 HP[+5] MP[+1]
You now have 52 max hp (+6).
You regained 5 hp, and now have 40/52 hp.
Your mp is fully restored (6).
You hit the endoplasm but do no damage. The endoplasm closely misses you.
You slash the endoplasm!
You kill the endoplasm!
Okawaru accepts your kill. 😕 HP[+1]
m - 38 bolts (gained 2)
m - 39 bolts (gained 1)
You now have 146 gold pieces (gained 9). 😕 HP[+1]
b - a +0 hand crossbow (weapon)
{crossbow} Unknown command.
A giant cockroach comes into view. 😕 HP[+3]
You regained 3 hp, and now have 45/52 hp.
You shoot a bolt. The bolt hits the giant cockroach!
You kill the giant cockroach!
Okawaru accepts your kill. 😕 HP[+1]
m - 39 bolts (gained 1)
m - 40 bolts (gained 1)
A jackal comes into view. 😎 HP[+6]
Your hp is fully restored (52).
You shoot a bolt. The jackal barks!
The bolt hits the jackal!
You kill the jackal!
Okawaru accepts your kill.
You hear a bark!
No target in view!
A jackal is nearby!
You shoot a bolt. The bolt closely misses the jackal.
The jackal barks!
The jackal bites you. 😕 HP[-1]
You take 1 damage, and now have 51/52 hp.
a - a +0 hand axe (weapon)
{axe} The jackal barely misses you.
You barely miss the jackal.
A jackal comes into view. 😎 HP[+1]
Your hp is fully restored (52).
You hit the jackal. The jackal barely misses you.
You hit the jackal. x2
The jackal bites you but does no damage. x2
You barely miss the jackal. You closely miss the jackal. The jackal bites you.
The jackal bites you but does no damage. x2 😕 HP[-2]
You take 2 damage, and now have 50/52 hp.
You slash the jackal!
You kill the jackal!
Okawaru accepts your kill.
You hit the jackal.
The jackal bites you but does no damage.
You hit the jackal.
You kill the jackal!
Okawaru accepts your kill.
No target in view!
b - a +0 hand crossbow (weapon)
{crossbow}
m - 39 bolts (gained 1)
You see here a jackal corpse. 😎 HP[+2]
Your hp is fully restored (52).
An ogre comes into view. It is wielding a +0 giant club.
The ogre shouts!
You shoot a bolt. The bolt closely misses the ogre.
You shoot a bolt. The bolt hits the ogre!
A ball python comes into view.
You shoot a bolt. The ball python hisses angrily.
The bolt hits the ogre!
You shoot a bolt. The bolt hits the ogre!
The ogre hits you with a +0 giant club!! 😮 HP[-19]
You take 19 damage, and now have 33/52 hp.
MASSIVE DAMAGE!! (PAUSE)
a - a +0 hand axe (weapon)
{axe} You gain the combat prowess of a mighty hero.
The ogre hits you with a +0 giant club!!
* * * LOW HITPOINT WARNING * * *
😱 HP[-21] MP[-2]
You take 21 damage, and now have 12/52 hp.
MASSIVE DAMAGE!! (PAUSE)
You lost 2 mp, and now have 4/6 mp.
You hit the ogre. You hit the ogre. The ogre misses you.
You hit the ogre. You closely miss the ogre.
The ogre hits you with a +0 giant club!
You die...

Skill      XL: |  1  2  3  4  5 |
---------------+----------------+-----
Fighting       | 4 |  4.0
Axes           | 5 6 7 8 |  8.6
Dodging        | |  2.4
Stealth        | |  1.5

Action                   |  1- 3 |  4- 6 || total
-------------------------+-------+-------++-------
Melee: Hand axe          |    66 |   134 ||   200
 Fire: Hunting sling     |    34 |     8 ||    42
       Hand crossbow     |       |    34 ||    34
Invok: Heroism           |       |     1 ||     1
  Use: Scroll            |       |     8 ||     8
       Potion            |       |     1 ||     1
Armor: Ring mail         |    25 |    54 ||    79
Dodge: Dodged            |    45 |    81 ||   126

Levels and vault maps discovered:
D:1:      lemuel_arrival_broad_hall, layout_basic,
          shapermc_ecumenical_altar_mp_ritualfount
D:2:      layout_loops_ring, nrook_uturn, nrook_mini_vaults,
          uniq_crazy_yiuf_cottage, uniq_jessica
D:3:      layout_basic
D:4:      layout_loops_cross, minmay_temple_entry_statues_fountains,
          serial_shops, nicolae_shop_temple_entry_statues_fountains,
          minivault_25, minmay_misc_feat_chi
D:5:      layout_basic, old_standard_altar, nzn_wu_jian_council_hall,
          uniq_sigmund, uniq_menkaure
Temple:   eino_temple_water

Notes
Turn   | Place    | Note
-------+----------+-------------------------------------------
     0 | D:1      | Sobieck the Hill Orc Monk began the quest for the Orb.
     0 | D:1      | Reached XP level 1. HP: 19/19 MP: 1/1
     0 | D:1      | magus.rc [v1.9.6]
    22 | D:1      | HP: 5/20 [ball python (3)]
   404 | D:1      | Reached skill level 4 in Fighting
   404 | D:1      | Reached XP level 2. HP: 27/27 MP: 2/2
   714 | D:1      | Reached skill level 5 in Axes
   962 | D:1      | Found a faded altar of an unknown god.
  1088 | D:2      | Reached XP level 3. HP: 33/33 MP: 3/3
  1544 | D:2      | Noticed Jessica
  1558 | D:2      | HP: 8/33 [Jessica/+0 club (4)]
  1561 | D:2      | Killed Jessica
  1562 | D:2      | Reached skill level 6 in Axes
  1562 | D:2      | Reached XP level 4. HP: 8/40 MP: 4/4
  1997 | D:2      | Found a runed translucent door.
  1998 | D:2      | Noticed Crazy Yiuf
  2386 | D:5      | Entered Level 5 of the Dungeon
  3091 | D:3      | Reached skill level 7 in Axes
  3539 | D:4      | Reached XP level 5. HP: 43/46 MP: 5/5
  3603 | D:4      | Found a staircase to the Ecumenical Temple.
  3616 | Temple   | Entered the Ecumenical Temple
  3628 | Temple   | Became a worshipper of Warmaster Okawaru
  3628 | Temple   | Reached * piety under Okawaru
  3628 | Temple   | Reached ** piety under Okawaru
  4061 | D:5      | Reached skill level 8 in Axes
  4212 | D:4      | Reached XP level 6. HP: 40/52 MP: 6/6
  4331 | D:4      | HP: 12/52 [ogre/+0 giant club (22)]
  4335 | D:4      | Slain by an ogre

Vanquished Creatures
  A bullfrog zombie (D:5)
  A bullfrog skeleton (D:4)
  A jelly (D:4)
  Jessica (D:2)
  3 gnolls (D:4)
  3 adders (D:3)
  An adder zombie (D:3)
  2 dart slugs
  4 bats
  4 endoplasms
  7 giant cockroaches
  6 goblins
  A hobgoblin (D:2)
  11 jackals
  4 quokkas
  5 ball pythons
  2 frilled lizards
  9 kobolds
  3 rats
69 creatures vanquished.

Table legend:
 A = Non-vault XP
 B = Vault XP
 C = Vault XP percentage of total XP
 D = Non-vault monster count
 E = Vault monster count
 F = Vault count percentage of total count
                 A         B        C        D         E       F
            +---------+---------+-------+---------+---------+-------
      Total |     318 |      37 |  10.4 |      68 |       1 |   1.4
            +---------+---------+-------+---------+---------+-------
        D:1 |      32 |       0 |   0.0 |      19 |       0 |   0.0
        D:2 |      22 |      37 |  62.7 |      12 |       1 |   7.7
        D:3 |      65 |       0 |   0.0 |      15 |       0 |   0.0
        D:4 |     154 |       0 |   0.0 |      21 |       0 |   0.0
        D:5 |      45 |       0 |   0.0 |       1 |       0 |   0.0
            +---------+---------+-------+---------+---------+-------

Illustrated notes

Table legend:
 A = Kills in this place as a percentage of kills in entire the game.
 B = Kills by you in this place as a percentage of kills by you in the entire game.
 C = Kills by friends in this place as a percentage of kills by friends in the entire game.
 D = Other kills in this place as a percentage of other kills in the entire game.
 E = Experience gained in this place as a percentage of experience gained in the entire game.
 F = Experience gained in this place divided by the number of levels of this place that you have seen.
                   A       B       C       D       E      F
               +-------+-------+-------+-------+-------+----------------------
         Total | 100.0 | 100.0 |   N/A |   N/A | 100.0 |  59.2
       Dungeon | 100.0 | 100.0 |   N/A |   N/A | 100.0 |  71.0
               +-------+-------+-------+-------+-------+----------------------

Table legend: (Time is in decaauts)
 A = Elapsed time spent in this place.
 B = Non-inter-level travel time spent in this place.
 C = Inter-level travel time spent in this place.
 D = Time resting spent in this place.
 E = Time spent auto-exploring this place.
 F = Levels seen in this place.
 G = Mean time per level.
                   A        B        C        D        E       F      G
               +--------+--------+--------+--------+--------+-----+--------+
         Total |   4332 |   4069 |    263 |    941 |   2469 |   6 |  722.0 |
       Dungeon |   4309 |   4056 |    253 |    941 |   2466 |   5 |  861.8 |
        Temple |     22 |     12 |     10 |      0 |      3 |   1 |   22.0 |
               +--------+--------+--------+--------+--------+-----+--------+

Top non-repeatable levels by time:
     D:3: 1349 daAuts
     D:2: 1097 daAuts
     D:1: 1028 daAuts
     D:4: 818 daAuts
  Temple: 22 daAuts
     D:5: 16 daAuts
